TOP OF THE 1ST |
Lee's Summit Tigers batting - Pitching for Little Rock Lemmiwinks : LHP Henny van der Lack
|
Pitching: LHP Henny van der Lack
|
|
Batting: RHB Jesús Ramos
|
0-0: Called Strike 0-1: Called Strike 0-2: Fly out, F6 (Popup, 6)
|
Batting: RHB Steve Johnson
|
0-0: Called Strike 0-1: Called Strike 0-2: Ball 1-2: Fly out, F7 (Flyball, 78M)
|
Batting: RHB Ricardo Velásquez
|
0-0: Foul Ball, location: 2F 0-1: Ball 1-1: Ball 2-1: Ground out 4-3 (Groundball, 4)
|
Top of the 1st over - 0 run(s), 0 hit(s), 0 error(s), 0 left on base; Lee's Summit 0 - Little Rock 0 |
BOTTOM OF THE 1ST |
Little Rock Lemmiwinks batting - Pitching for Lee's Summit Tigers : LHP António Ruíz
|
Pitching: LHP António Ruíz
|
|
Batting: RHB Bill Bourland
|
0-0: Ball 1-0: Ball 2-0: Ball 3-0: Called Strike 3-1: Ground out 5-3 (Groundball, 5S)
|
Batting: RHB Juan Trujillo
|
0-0: Fly out, F8 (Flyball, 8LM)
|
Batting: LHB Elvin Summers
|
0-0: Ground out 5-3 (Groundball, 56S)
|
Bottom of the 1st over - 0 run(s), 0 hit(s), 0 error(s), 0 left on base; Lee's Summit 0 - Little Rock 0 |
TOP OF THE 2ND |
Lee's Summit Tigers batting - Pitching for Little Rock Lemmiwinks : LHP Henny van der Lack
|
Batting: LHB Milo Powers
|
0-0: Foul Ball, location: 2F 0-1: Ground out U3 (Groundball, 34)
|
Batting: LHB Glenn Williamson
|
0-0: Called Strike 0-1: Called Strike 0-2: Ball 1-2: Foul Ball, location: 2F 1-2: Ball 2-2: Ball 3-2: Base on Balls
|
Batting: RHB Stan Taylor
|
0-0: Foul Ball, location: 2F 0-1: Ball 1-1: Swinging Strike 1-2: Ball 2-2: SINGLE (Flyball, 9LM) Glenn Williamson to second Runner from 2nd tries for 3rd, SAFE, no throw
|
Batting: LHB Al Miller
|
0-0: Called Strike 0-1: Ball 1-1: Swinging Strike 1-2: Foul Ball, location: 2F 1-2: Foul Ball, location: 2F 1-2: Foul Ball, location: 2F 1-2: Ball Wild Pitch! Glenn Williamson scores Stan Taylor to second 2-2: Fly out, F8 (Flyball, 8LM)
|
Batting: LHB Dudley Cooper
|
0-0: Swinging Strike 0-1: Ball 1-1: Ball 2-1: Called Strike 2-2: Fly out, F7 (Flyball, 7LM)
|
Top of the 2nd over - 1 run(s), 1 hit(s), 0 error(s), 1 left on base; Lee's Summit 1 - Little Rock 0 |
BOTTOM OF THE 2ND |
Little Rock Lemmiwinks batting - Pitching for Lee's Summit Tigers : LHP António Ruíz
|
Batting: RHB James Hunter
|
0-0: Ball 1-0: Ball 2-0: Ball 3-0: Called Strike 3-1: Base on Balls
|
Batting: SHB Juan Carlos González
|
0-0: Foul Ball, location: 2F 0-1: Swinging Strike 0-2: Strikes out swinging
|
Batting: LHB Pablo Alvarado
|
0-0: Called Strike 0-1: Swinging Strike 0-2: Strikes out swinging
|
Batting: RHB John Robertson
|
0-0: Ball 1-0: Foul Ball, location: 2F 1-1: Foul Ball, location: 2F 1-2: Ball 2-2: 2-RUN HOME RUN (Flyball, 8LXD), Distance : 431 ft
|
Batting: RHB Álex Martínez
|
0-0: Ball 1-0: Called Strike 1-1: Ground out 4-3 (Groundball, 4S)
|
Bottom of the 2nd over - 2 run(s), 1 hit(s), 0 error(s), 0 left on base; Lee's Summit 1 - Little Rock 2 |
TOP OF THE 3RD |
Lee's Summit Tigers batting - Pitching for Little Rock Lemmiwinks : LHP Henny van der Lack
|
Batting: RHB Jorge Barbosa
|
0-0: Fly out, F9 (Flyball, 9LMF)
|
Batting: RHB Jesús Ramos
|
0-0: Called Strike 0-1: Swinging Strike 0-2: Ball 1-2: Strikes out swinging
|
Batting: RHB Steve Johnson
|
0-0: Swinging Strike 0-1: Ball 1-1: Swinging Strike 1-2: Ball 2-2: Foul Ball, location: 2F 2-2: Ball 3-2: Base on Balls
|
Batting: RHB Ricardo Velásquez
|
0-0: Called Strike 0-1: Ball 1-1: Called Strike 1-2: SINGLE (Groundball, 56D) Steve Johnson to second
|
Batting: LHB Milo Powers
|
0-0: Ball 1-0: Swinging Strike 1-1: Foul Ball, location: 2F 1-2: SINGLE (Flyball, 7LS) Steve Johnson to third Ricardo Velásquez to second Throwing error, E7 Steve Johnson scores Ricardo Velásquez to third Milo Powers to second
|
Batting: LHB Glenn Williamson
|
0-0: Foul Ball, location: 2F 0-1: Ground out 4-3 (Groundball, 4)
|
Top of the 3rd over - 1 run(s), 2 hit(s), 1 error(s), 2 left on base; Lee's Summit 2 - Little Rock 2 |
BOTTOM OF THE 3RD |
Little Rock Lemmiwinks batting - Pitching for Lee's Summit Tigers : LHP António Ruíz
|
Batting: RHB Álex Ochoa
|
0-0: Called Strike 0-1: Ball 1-1: Fly out, F9 (Flyball, 9LMF)
|
Batting: RHB Bill Bourland
|
0-0: Fly out, F8 (Flyball, 8LD)
|
Batting: RHB Juan Trujillo
|
0-0: Ball 1-0: Ball 2-0: Swinging Strike 2-1: Ball 3-1: Called Strike 3-2: Foul Ball, location: 2F 3-2: Base on Balls
|
Batting: LHB Elvin Summers
|
0-0: Ball 1-0: Ball 2-0: Called Strike 2-1: Foul Ball, location: 2F 2-2: Ball Juan Trujillo steals 2nd base 3-2: Strikes out swinging
|
Bottom of the 3rd over - 0 run(s), 0 hit(s), 0 error(s), 1 left on base; Lee's Summit 2 - Little Rock 2 |
TOP OF THE 4TH |
Lee's Summit Tigers batting - Pitching for Little Rock Lemmiwinks : LHP Henny van der Lack
|
Batting: RHB Stan Taylor
|
0-0: Ball 1-0: Ground out 6-3 (Groundball, 6)
|
Batting: LHB Al Miller
|
0-0: Called Strike 0-1: Swinging Strike 0-2: Ball 1-2: Strikes out looking
|
Batting: LHB Dudley Cooper
|
0-0: Ball 1-0: Foul Ball, location: 2F 1-1: Foul Ball, location: 2F 1-2: Strikes out swinging
|
Top of the 4th over - 0 run(s), 0 hit(s), 0 error(s), 0 left on base; Lee's Summit 2 - Little Rock 2 |
BOTTOM OF THE 4TH |
Little Rock Lemmiwinks batting - Pitching for Lee's Summit Tigers : LHP António Ruíz
|
Batting: RHB James Hunter
|
0-0: Called Strike 0-1: Ground out 5-3 (Groundball, 56S)
|
Batting: SHB Juan Carlos González
|
0-0: Ball 1-0: Foul Ball, location: 2F 1-1: Ball 2-1: Foul Ball, location: 2F 2-2: Ball 3-2: Base on Balls
|
Batting: LHB Pablo Alvarado
|
0-0: Fly out, F3 (Line Drive, 3L) Lined into DP, U3 (Line Drive, 3L)
|
Bottom of the 4th over - 0 run(s), 0 hit(s), 0 error(s), 0 left on base; Lee's Summit 2 - Little Rock 2 |
TOP OF THE 5TH |
Lee's Summit Tigers batting - Pitching for Little Rock Lemmiwinks : LHP Henny van der Lack
|
Batting: RHB Jorge Barbosa
|
0-0: Ball 1-0: Foul Ball, location: 2F 1-1: Foul Ball, location: 2F 1-2: Strikes out looking
|
Batting: RHB Jesús Ramos
|
0-0: Called Strike 0-1: Ball 1-1: Ball 2-1: Called Strike 2-2: Strikes out swinging
|
Batting: RHB Steve Johnson
|
0-0: Foul Ball, location: 2F 0-1: Foul Ball, location: 2F 0-2: Ball 1-2: Ball 2-2: Strikes out swinging
|
Top of the 5th over - 0 run(s), 0 hit(s), 0 error(s), 0 left on base; Lee's Summit 2 - Little Rock 2 |
BOTTOM OF THE 5TH |
Little Rock Lemmiwinks batting - Pitching for Lee's Summit Tigers : LHP António Ruíz
|
Batting: RHB John Robertson
|
0-0: Ball 1-0: Ground out 5-3 (Groundball, 56S)
|
Batting: RHB Álex Martínez
|
0-0: Fly out, F9 (Flyball, 89D)
|
Batting: RHB Álex Ochoa
|
0-0: Ball 1-0: Ball 2-0: Ball 3-0: Called Strike 3-1: Base on Balls
|
Batting: RHB Bill Bourland
|
0-0: Called Strike 0-1: Foul Ball, location: 2F 0-2: Ball 1-2: Strikes out swinging
|
Bottom of the 5th over - 0 run(s), 0 hit(s), 0 error(s), 1 left on base; Lee's Summit 2 - Little Rock 2 |
TOP OF THE 6TH |
Lee's Summit Tigers batting - Pitching for Little Rock Lemmiwinks : LHP Henny van der Lack
|
Pitching: RHP Manuel Trujillo
|
|
Batting: RHB Ricardo Velásquez
|
0-0: Ball 1-0: Ball 2-0: Ball 3-0: Base on Balls
|
Batting: LHB Milo Powers
|
0-0: Called Strike 0-1: Called Strike 0-2: Ball 1-2: Ball Balk! Ricardo Velásquez to second 2-2: Ball 3-2: Foul Ball, location: 2F 3-2: Fly out, F9 (Flyball, 9LS)
|
Batting: LHB Glenn Williamson
|
0-0: Foul Ball, location: 2F 0-1: Called Strike 0-2: Ball 1-2: Strikes out looking
|
Batting: RHB Stan Taylor
|
0-0: Called Strike 0-1: SINGLE (Flyball, 6MD) Ricardo Velásquez to third Runner from 3rd tries for Home, SAFE, no throw
|
Batting: LHB Al Miller
|
0-0: Ball 1-0: Called Strike 1-1: Foul Ball, location: 2F 1-2: Ground out 1-3 (Groundball, 13S)
|
Top of the 6th over - 1 run(s), 1 hit(s), 0 error(s), 1 left on base; Lee's Summit 3 - Little Rock 2 |
BOTTOM OF THE 6TH |
Little Rock Lemmiwinks batting - Pitching for Lee's Summit Tigers : LHP António Ruíz
|
Batting: RHB Juan Trujillo
|
0-0: Called Strike 0-1: Ball 1-1: Foul Ball, location: 2F 1-2: Ball 2-2: Strikes out swinging
|
Batting: LHB Elvin Summers
|
0-0: Called Strike 0-1: Ball 1-1: Ball 2-1: Ground out U3 (Groundball, 3)
|
Batting: RHB James Hunter
|
0-0: Called Strike 0-1: Ball 1-1: Ground out 6-3 (Groundball, 6)
|
Bottom of the 6th over - 0 run(s), 0 hit(s), 0 error(s), 0 left on base; Lee's Summit 3 - Little Rock 2 |
TOP OF THE 7TH |
Lee's Summit Tigers batting - Pitching for Little Rock Lemmiwinks : RHP Manuel Trujillo
|
Batting: LHB Dudley Cooper
|
0-0: Ball 1-0: SINGLE (Line Drive, 89S)
|
Batting: RHB Jorge Barbosa
|
0-0: Sac Bunt - play at second, runner OUT! 1-6
|
Batting: RHB Jesús Ramos
|
0-0: SINGLE (Line Drive, 78S) Jorge Barbosa to second
|
Batting: RHB Steve Johnson
|
0-0: Called Strike 0-1: Ball 1-1: Foul Ball, location: 2F 1-2: Ball 2-2: Strikes out looking
|
Batting: RHB Ricardo Velásquez
|
0-0: Ball 1-0: Called Strike 1-1: Foul Ball, location: 2F 1-2: SINGLE (Line Drive, 8LS) Jorge Barbosa to third Jesús Ramos to second Runner from 3rd tries for Home, SAFE, no throw
|
Pitching: RHP Ryan Allen
|
|
Batting: LHB Milo Powers
|
0-0: Called Strike 0-1: Foul Ball, location: 2F 0-2: Ball 1-2: Ball 2-2: Ball 3-2: SINGLE (Groundball, 2L) (infield hit) Jesús Ramos to third Ricardo Velásquez to second
|
Batting: LHB Glenn Williamson
|
0-0: Ball 1-0: Ball 2-0: Ball 3-0: Base on Balls Jesús Ramos scores Ricardo Velásquez to third Milo Powers to second
|
Batting: RHB Stan Taylor
|
0-0: Foul Ball, location: 2F 0-1: Fly out, F3 (Popup, 3L)
|
Top of the 7th over - 2 run(s), 4 hit(s), 0 error(s), 3 left on base; Lee's Summit 5 - Little Rock 2 |
BOTTOM OF THE 7TH |
Little Rock Lemmiwinks batting - Pitching for Lee's Summit Tigers : LHP António Ruíz
|
Batting: SHB Juan Carlos González
|
0-0: Called Strike 0-1: Called Strike 0-2: Ball 1-2: Foul Ball, location: 2F 1-2: Ball 2-2: Ball 3-2: Base on Balls
|
Pitching: RHP Mike Spencer
|
|
Batting: LHB Pablo Alvarado
|
0-0: Ball 1-0: Ball 2-0: Swinging Strike 2-1: Swinging Strike 2-2: Strikes out swinging
|
Batting: RHB John Robertson
|
0-0: Ball 1-0: Ball 2-0: Called Strike 2-1: Foul Ball, location: 2F 2-2: Fly out, F8 (Flyball, 89M)
|
Batting: RHB Álex Martínez
|
0-0: Called Strike 0-1: Ball 1-1: Called Strike 1-2: Fly out, F9 (Flyball, 9LSF)
|
Bottom of the 7th over - 0 run(s), 0 hit(s), 0 error(s), 1 left on base; Lee's Summit 5 - Little Rock 2 |
TOP OF THE 8TH |
Lee's Summit Tigers batting - Pitching for Little Rock Lemmiwinks : RHP Ryan Allen
|
Batting: LHB Al Miller
|
0-0: Ball 1-0: Swinging Strike 1-1: Swinging Strike 1-2: Ground out 3-1 (Groundball, 34)
|
Batting: LHB Dudley Cooper
|
0-0: Ball 1-0: Ball 2-0: Ball 3-0: Called Strike 3-1: Called Strike 3-2: Foul Ball, location: 2F 3-2: Foul Ball, location: 2F 3-2: Foul Ball, location: 2F 3-2: Foul Ball, location: 2F 3-2: Foul Ball, location: 2F 3-2: Foul Ball, location: 2F 3-2: Foul Ball, location: 2F 3-2: SINGLE (Groundball, 4MD)
|
Batting: RHB Jorge Barbosa
|
0-0: Called Strike 0-1: Ball 1-1: Ball 2-1: Grounds into double play, 6-4-3 (Groundball, 6)
|
Top of the 8th over - 0 run(s), 1 hit(s), 0 error(s), 0 left on base; Lee's Summit 5 - Little Rock 2 |
BOTTOM OF THE 8TH |
Little Rock Lemmiwinks batting - Pitching for Lee's Summit Tigers : RHP Mike Spencer
|
Batting: RHB Álex Ochoa
|
0-0: Ball 1-0: Foul Ball, location: 2F 1-1: Ball 2-1: Foul Ball, location: 2F 2-2: Ball 3-2: Foul Ball, location: 2F 3-2: Foul Ball, location: 2F 3-2: SINGLE (Line Drive, 6MD)
|
Batting: RHB Bill Bourland
|
0-0: Ball 1-0: Foul Ball, location: 2F 1-1: Ball 2-1: Grounds into double play, 5-4-3 (Groundball, 5)
|
Batting: RHB Juan Trujillo
|
0-0: SINGLE (Line Drive, 6)
|
Pitching: LHP Dave McCoy
|
|
Batting: LHB Elvin Summers
|
0-0: Ball 1-0: Called Strike 1-1: Ball 2-1: SINGLE (Line Drive, 7S) Juan Trujillo to second Runner from 2nd tries for 3rd, SAFE, throw made to third Elvin Summers to second
|
Pitching: RHP Orlando Zúñica
|
|
Batting: RHB James Hunter
|
0-0: Ball 1-0: Ball 2-0: Foul Ball, location: 2F 2-1: Ball 3-1: Called Strike 3-2: Ground out 1-3 (Groundball, 15S)
|
Bottom of the 8th over - 0 run(s), 3 hit(s), 0 error(s), 2 left on base; Lee's Summit 5 - Little Rock 2 |
TOP OF THE 9TH |
Lee's Summit Tigers batting - Pitching for Little Rock Lemmiwinks : RHP Ryan Allen
|
Batting: RHB Jesús Ramos
|
0-0: Called Strike 0-1: Ball 1-1: Called Strike 1-2: Foul Ball, location: 2F 1-2: Ball 2-2: Ball 3-2: Foul Ball, location: 2F 3-2: Foul Ball, location: 2F 3-2: Base on Balls
|
Batting: RHB Steve Johnson
|
0-0: Swinging Strike 0-1: Ball 1-1: Swinging Strike 1-2: Strikes out swinging
|
Batting: RHB Ricardo Velásquez
|
0-0: Fly out, F8 (Flyball, 8RM)
|
Batting: LHB Milo Powers
|
0-0: Ball 1-0: Ball Jesús Ramos is caught stealing 2nd base
|
Top of the 9th over - 0 run(s), 0 hit(s), 0 error(s), 0 left on base; Lee's Summit 5 - Little Rock 2 |
BOTTOM OF THE 9TH |
Little Rock Lemmiwinks batting - Pitching for Lee's Summit Tigers : RHP Orlando Zúñica
|
Batting: SHB Juan Carlos González
|
0-0: Called Strike 0-1: Ball 1-1: Fly out, F9 (Flyball, 9LS)
|
Batting: LHB Pablo Alvarado
|
0-0: Ball 1-0: Fly out, F8 (Line Drive, 8RM)
|
Batting: RHB John Robertson
|
0-0: Called Strike 0-1: Ball 1-1: Fly out, F8 (Flyball, 8RD)
|
Bottom of the 9th over - 0 run(s), 0 hit(s), 0 error(s), 0 left on base; Lee's Summit 5 - Little Rock 2 |
|